 Dungeon Crawl Stone Soup version 0.30-a0-857-gcaf70739d4 (webtiles) character file.

Game seed: 5831979713115703444

504 arthad the Insei (level 7, 0/46 HPs)
             Began as an Octopode Transmuter on Mar 5, 2023.
             Was an Initiate of Gozag.
             Slain by a gnoll
             ... wielding a +0 spear
             ... led by a gnoll sergeant
              (3 damage)
             ... on level 5 of the Dungeon.
             The game lasted 00:06:43 (3740 turns).

arthad the Insei (Octopode Transmuter)              Turns: 3740, Time: 00:06:43

Health: 0/46       AC:  3    Str: 21    XL:     7   Next: 17%
Magic:  9/11       EV: 14    Int: 17    God:    Gozag
Gold:   510        SH:  5    Dex: 13    Spells: 5/11 levels left

rFire   . . .      SeeInvis .      - Unarmed
rCold   . . .      Faith    .    (no shield)
rNeg    . . .      Spirit   .    (helmet currently unavailable)
rPois   +          Reflect  +    g - amulet of reflection
rElec   .          Rampage  .    i - ring of poison resistance
rCorr   .                        l - +6 ring of strength
Will    .....                    r - +6 ring of strength
Stlth   +++                      (no ring)
HPRegen 0.27/turn                (no ring)
MPRegen 0.12/turn                (no ring)
                                 (no ring)
                                 (no ring)

@: appendages (expiring), on berserk cooldown, attractive, slowed, very slow
A: tentacle spike 3, almost no armour, amphibious, 8 rings, camouflage 1,
gelatinous body 1, (nimble swimmer 1), tentacles, iridescent scales 1
a: End Transformation, Renounce Religion, Potion Petition, Call Merchant, Bribe
Branch


You were on level 5 of the Dungeon.
You worshipped Gozag.
Gozag was pleased with you.
One of your tentacles had grown a beastly spike.
You visited 1 branch of the dungeon, and saw 5 of its levels.

You collected 536 gold pieces.
You paid 26 gold pieces to Gozag.

Inventory:

Hand Weapons
 h - a +2 dagger of venom
Armour
 k - a +0 kite shield
Jewellery
 g - an amulet of reflection (around mantle)
 i - a ring of poison resistance (left tentacle)
 l - a +6 ring of strength (right tentacle)
 r - a +6 ring of strength (on tentacle)
Wands
 t - a wand of paralysis (5)
Scrolls
 b - 4 scrolls of identify {unknown}
 c - 2 scrolls of enchant weapon {unknown}
 d - 3 scrolls of immolation {unknown}
 f - a scroll of enchant armour {unknown}
 j - a scroll of vulnerability {unknown}
 s - a scroll of acquirement {unknown}
 u - a scroll of poison {unknown}
 v - a scroll of fear {unknown}
Potions
 a - 2 potions of lignification
 e - a potion of attraction
 n - a potion of might {unknown}
 o - 2 potions of mutation
 p - a potion of curing
 q - a potion of brilliance {unknown}


   Skills:
 * Level 3.2 Fighting
 * Level 3.8 Dodging
 + Level 3.1 Stealth
 * Level 4.3 Unarmed Combat
 + Level 2.8 Spellcasting
 * Level 3.6 Transmutations


You had 5 spell levels left.
You knew the following spells:

 Your Spells              Type           Power      Damage    Failure   Level
a - Beastly Appendage     Tmut           28%        N/A       4%          1
b - Wereblood             Tmut           14%        N/A       6%          2
c - Spider Form           Tmut/Pois      8%         N/A       26%         3

Your spell library contained the following spells:

 Spells                   Type           Power      Damage    Failure   Level
 Passwall                 Tmut/Erth      6%         N/A       13%         2
 Sandblast                Erth           4%         2d4       19%         1
 Stone Arrow              Conj/Erth      4%         3d7       47%         3
 Ice Form                 Ice/Tmut       8%         N/A       63%         4


Dungeon Overview and Level Annotations

Branches:
Dungeon (5/15)
 Temple: D:4-7

Altars:
Gozag


Innate Abilities, Weirdness & Mutations

One of your tentacles has grown a beastly spike.
You cannot wear most types of armour.
You are amphibious.
You can wear up to eight rings at the same time.
Your skin changes colour to match your surroundings (Stealth+).
Your rubbery body absorbs attacks. (AC +1, EV +1)
((You are camouflaged when in or above water. (Stealth+)))
You have tentacles for arms and can constrict up to eight enemies at once.
You are partially covered in iridescent scales. (AC +2)


Message History

The gnoll hits you with a +0 halberd!
* * * LOW HITPOINT WARNING * * *
Things that are here:
23 gold pieces; a +2 spear of venom; a +0 whip You barely miss the gnoll.
Your grab misses the gnoll.
You pierce the gnoll!
You feel a bit better.
You kill the gnoll!
You are no longer berserk.
You are exhausted.
You feel yourself slow down.
You feel better.
Your primal bloodlust has ended.
The gnoll is no longer distracted by gold.
The gnoll misses you.
The gnoll is distracted by your dazzling golden aura. x2
The gnoll shouts!
You feel better.
The gnoll shouts!
The gnoll is no longer distracted by gold.
The gnoll hits you with a +0 club.
The gnoll hits you from afar with a +0 spear.
* * * LOW HITPOINT WARNING * * *
The gnoll completely misses you. x2
You tentacle-slap the gnoll. You grab the gnoll.
Your tentacle spike misses the gnoll.
The gnoll is lightly wounded.
You constrict the gnoll.
The gnoll is no longer distracted by gold.
The gnoll hits you with a +0 club.
* * * LOW HITPOINT WARNING * * *
The gnoll hits you with a +0 club.
* * * LOW HITPOINT WARNING * * *
The gnoll hits you from afar with a +0 spear!
* * * LOW HITPOINT WARNING * * *
It was a potion of attraction.
You feel attractive to monsters.
You constrict the gnoll.
The gnoll hits you from afar with a +0 spear.
You die...
Your body crumbles into a pile of gold.

###.......###
#...........#
#.#.#.....#.#
#.#.###.###
#.#$# #<#
#.#.# #.#
#.#$# #.#
#.#$##..#
#.##.#@#...#
#.#....gg..#.#
.........g...#
######.#.#..##
#.........
###.#.....g
#.#...... #.#
##### #.#


You could see 3 gnolls.

Vanquished Creatures
  A gnoll sergeant (D:5)
  A scorpion (D:4)
  2 killer bees (D:5)
  3 hounds
  An iguana (D:4)
  Ijyb (D:4)
  3 gnolls (D:5)
  8 adders
  A worm (D:3)
  A dart slug (D:1)
  6 endoplasms
  6 goblins
  6 hobgoblins
  6 jackals
  4 quokkas
  4 ball pythons
  4 bats
  3 frilled lizards
  4 kobolds
  2 rats
67 creatures vanquished.

Notes
Turn   | Place    | Note
-------+----------+-------------------------------------------
     0 | D:1      | arthad the Octopode Transmuter began the quest for the Orb.
     0 | D:1      | Reached XP level 1. HP: 13/13 MP: 3/3
   363 | D:1      | Reached XP level 2. HP: 18/18 MP: 3/5
   366 | D:1      | Learned a level 2 spell: Wereblood
   509 | D:1      | You fall into a shaft and drop 1 floor!
   804 | D:2      | Reached skill level 1 in Stealth
   811 | D:2      | Found an opulent altar of Gozag.
   867 | D:2      | Became a worshipper of Gozag Ym Sagoz the Greedy
  1292 | D:2      | Reached XP level 3. HP: 23/23 MP: 4/6
  1296 | D:2      | Learned a level 3 spell: Spider Form
  2593 | D:3      | Reached XP level 4. HP: 29/29 MP: 5/7
  2816 | D:4      | Reached XP level 5. HP: 28/34 MP: 8/8
  3204 | D:4      | Reached XP level 6. HP: 38/41 MP: 7/9
  3373 | D:4      | Reached skill level 4 in Unarmed Combat
  3436 | D:4      | Noticed Ijyb
  3449 | D:4      | Killed Ijyb
  3685 | D:5      | Entered Level 5 of the Dungeon
  3723 | D:5      | Gained mutation: You are partially covered in iridescent
                  | scales. (AC +2) [potion of mutation]
  3733 | D:5      | Reached XP level 7. HP: 8/46 MP: 8/11
  3740 | D:5      | Slain by a gnoll

Illustrated notes

Levels and vault maps discovered:
D:1:      amcnicky_arrival_flooded_fountain, layout_basic,
          minmay_curled_crystal, dk_noncrumbling_4
D:2:      layout_basic, basic_altar
D:3:      layout_basic, reono_crystal_passage
D:4:      layout_layer_cave, uniq_ijyb
D:5:      layout_loops_ring, tgw_trog

Skill      XL: |  1  2  3  4  5  6 |
---------------+-------------------+-----
Stealth        | 1 2 3 |  3.1
Fighting       | 2 3 |  3.2
Dodging        | 3 |  3.8
Transmutations | 3 |  3.6
Unarmed Combat | 4 |  4.3
Spellcasting   | |  2.8

Action                     |  1- 3 |  4- 6 |  7- 9 || total
---------------------------+-------+-------+-------++-------
  Melee: Unarmed           |    69 |    66 |     3 ||   138
         Kick              |    15 |    21 |     2 ||    38
         Tentacles         |    13 |    16 |       ||    29
         Constrict         |    15 |    17 |     1 ||    33
         Punch             |     2 |     4 |       ||     6
   Cast: Beastly Appendage |    34 |    13 |       ||    47
         Wereblood         |       |     2 |       ||     2
         Spider Form       |       |     1 |       ||     1
    Use: Potion            |       |     3 |     3 ||     6
   Stab: Sleeping          |     7 |     6 |       ||    13
         Distracted        |     1 |       |       ||     1
 Armour: Skin              |     3 |     6 |       ||     9
  Dodge: Dodged            |    34 |    39 |     5 ||    78
  Block: Other             |     9 |    11 |       ||    20
         Reflection        |     3 |       |       ||     3

Table legend: (Time is in decaauts)
 A = Elapsed time spent in this place.
 B = Non-inter-level travel time spent in this place.
 C = Inter-level travel time spent in this place.
 D = Time resting spent in this place.
 E = Time spent auto-exploring this place.
 F = Levels seen in this place.
 G = Mean time per level.
                   A        B        C        D        E       F      G
               +--------+--------+--------+--------+--------+-----+--------+
         Total |   3728 |   3658 |     70 |      0 |   3140 |   5 |  745.6 |
       Dungeon |   3728 |   3658 |     70 |      0 |   3140 |   5 |  745.6 |
               +--------+--------+--------+--------+--------+-----+--------+

Top non-repeatable levels by time:
     D:1: 1036 daAuts
     D:4: 1023 daAuts
     D:2: 908 daAuts
     D:3: 706 daAuts
     D:5: 52 daAuts
